Map: Backwater LE

Players

Noah - Winner!

  • Race: Protoss Protoss
  • Spawn Location: 11:00

A.I. 1 (Medium)

  • Race: Protoss Protoss
  • Spawn Location: 5:00

VOD

Have the link to the VOD?

Description

Time

  • Played on: May 9, 2018, 10:33 p.m.
  • Length: 8:24
Show
View Real Time Build Order
Export as new Build Order

Noah Protoss - Winner!

Build Orders: 1 Gate Expand, Double Forge 

Get SALT Encoding   

  12  0:01  Probe  
  13  0:13  Probe  
  14  0:30  Pylon  
  14  0:31  Probe  
  15  0:48  Probe  
  16  0:50  Gateway  
  16  1:09  Probe  
  17  1:21  Probe  
  17  1:23  Nexus  
  18  1:26  Assimilator  
  18  1:33  Probe  
  18  1:36  Pylon  
  19  1:45  Probe  
  20  1:48  Cybernetics Core  
  20  2:04  Probe  
  21  2:14  Probe, Warp Gate  
  21  2:17  Assimilator  
  21  2:22  Probe  
  23  2:31  Probe  
  24  2:45  Stalker  
  24  2:47  Probe  
  24  2:48  Gateway  
  28  2:51  Probe  
  28  2:57  Pylon  
  28  2:59  Probe  
  28  3:03  Probe  
  30  3:13  Robotics Facility  
  30  3:25  Zealot  
  32  3:32  Robotics Facility  
  32  3:46  Probe x2  
  34  4:01  Immortal  
  38  4:13  Gateway  
  38  4:15  Gateway  
  38  4:19  Pylon  
  38  4:25  Forge  
  38  4:27  Forge  
  38  4:28  Immortal  
  42  4:33  Observer  
  42  4:44  Probe  
  43  4:48  Probe  
  43  4:51  Warp Prism  
  43  4:52  Probe  
  48  5:00  Probe  
  48  5:03  Protoss Ground Weapons Level 1  
  48  5:04  Protoss Ground Armor Level 1  
  49  5:12  Probe, Twilight Council  
  50  5:24  Probe  
  50  5:25  Pylon  
  51  5:42  Zealot x2  
  53  5:43  Gateway x2  
  53  5:47  Stalker  
  53  5:49  Stalker  
  51  6:12  Zealot x4  
  59  6:33  Immortal x2  
  66  6:41  Gateway  
  66  6:42  Gateway  
  66  6:45  Gateway  
  66  6:47  Gateway  
  64  7:03  Gateway x2  
  64  7:15  Zealot x3  
  70  7:21  Pylon  
  63  7:32  Pylon  
  61  7:38  Pylon  
  61  7:41  Pylon  
  61  7:45  Zealot x2  
  61  7:46  Zealot x4  
Show
View Real Time Build Order
Export as new Build Order

A.I. 1 (Medium) Protoss 

Build Orders:  

Get SALT Encoding   

  12  0:00  Probe  
  13  0:13  Probe  
  14  0:20  Pylon  
  14  0:25  Probe  
  15  0:34  Probe  
  15  0:42  Probe  
  16  0:48  Assimilator  
  17  0:50  Gateway  
  17  0:51  Probe  
  18  1:00  Pylon  
  18  1:28  Gateway  
  18  1:33  Assimilator  
  18  1:38  Cybernetics Core  
  18  1:43  Zealot  
  20  2:05  Pylon  
  20  2:08  Zealot  
  22  2:16  Warp Gate  
  22  2:25  Adept  
  24  2:38  Adept  
  26  2:52  Pylon  
  26  2:53  Adept  
  26  2:54  Probe  
  29  3:02  Probe  
  27  3:05  Stalker  
  29  3:10  Probe  
  33  3:20  Adept  
  33  3:21  Probe, Forge  
  36  3:33  Probe  
  37  3:35  Adept  
  39  3:45  Probe  
  40  5:24  Stalker  
  40  5:25  Probe  
  40  5:26  Photon Cannon  
  43  5:29  Pylon  
  43  5:30  Photon Cannon  
  43  5:33  Robotics Facility  
  43  5:35  Stargate  
  43  5:38  Twilight Council, Sentry  
  43  5:42  Gateway  
  45  5:45  Forge  
  45  5:47  Probe  
  46  5:51  Pylon, Stalker  
  44  6:05  Stalker  
  34  6:19  Observer, Sentry  
  37  6:29  Nexus  
  37  6:32  Sentry  
  39  6:41  Observer  
  39  6:46  Zealot  
  36  6:59  Zealot  
  29  7:13  Stalker  
  30  7:26  Zealot  
  28  7:36  Zealot  
  27  7:41  Pylon  
  30  7:45  Pylon  
  30  7:50  Zealot  
  27  7:58  Zealot  
  22  8:11  Zealot  
  20  8:18  Zealot  
Tags
 
Add a new tag
Caveats
  • Supply blocks, unpowered buildings, or Contaminate may cause inaccurate times.
  • Supply counts are checked every 10 seconds.